Map: Świat Śniących ER

Players

Legol - Winner!

  • Race: Protoss Protoss
  • League: Gold
  • Spawn Location: 1:00

MacCoy

  • Race: Protoss Protoss
  • Spawn Location: 7:00

VOD

Have the link to the VOD?

Description

Time

  • Played on: Dec. 27, 2019, 4:51 p.m.
  • Length: 6:43
Show
View Real Time Build Order
Export as new Build Order

Legol Protoss - Winner!

Build Orders:  

Get SALT Encoding   

  12  0:01  Probe  
  13  0:13  Probe  
  14  0:22  Pylon  
  14  0:25  Probe  
  15  0:40  Probe (Chrono Boost)  
  15  0:41  Gateway  
  16  0:52  Probe (Chrono Boost), Assimilator  
  17  0:59  Probe (Chrono Boost)  
  18  1:24  Probe  
  19  1:31  Cybernetics Core  
  19  1:36  Probe  
  20  1:48  Probe (Chrono Boost), Gateway x2  
  21  1:57  Assimilator  
  21  2:01  Probe (Chrono Boost)  
  22  2:09  Probe (Chrono Boost)  
  22  2:11  Pylon  
  22  2:20  Pylon  
  22  2:22  Probe  
  23  2:24  Warp Gate  
  23  2:29  Stalker (Chrono Boost)  
  27  2:42  Stalker (Chrono Boost)  
  29  2:45  Stalker (Chrono Boost)  
  29  2:52  Stalker (Chrono Boost)  
  31  3:02  Pylon  
  31  3:08  Stalker  
  31  3:10  Stalker  
  35  3:23  Stalker  
  37  3:31  Probe (Chrono Boost)  
  38  3:48  Stalker x2  
  42  3:56  Pylon  
  42  4:18  Stalker  
  38  4:36  Stalker  
  38  4:37  Stalker  
  34  5:03  Stalker x2  
  34  5:04  Stalker  
  40  5:27  Stalker x3  
  46  5:34  Gateway  
  46  5:43  Pylon  
  46  6:06  Pylon  
  46  6:07  Stalker x3  
  52  6:29  Stalker  
Show
View Real Time Build Order
Export as new Build Order

MacCoy Protoss 

Build Orders: Nexus First 

Get SALT Encoding   

  12  0:25  Probe  
  12  0:27  Pylon  
  13  0:37  Probe  
  14  0:49  Probe  
  15  1:01  Nexus  
  15  1:06  Probe  
  15  1:23  Gateway  
  15  1:24  Probe (Chrono Boost)  
  17  1:33  Probe (Chrono Boost)  
  17  1:38  Probe (Chrono Boost)  
  18  1:48  Gateway  
  18  1:50  Probe  
  19  1:58  Pylon  
  19  2:05  Pylon  
  19  2:16  Gateway  
  19  2:17  Zealot  
  21  2:29  Probe (Chrono Boost)  
  22  2:39  Probe (Chrono Boost)  
  22  2:40  Probe (Chrono Boost), Zealot  
  26  2:50  Probe (Chrono Boost)  
  27  2:52  Zealot  
  27  2:57  Gateway  
  29  2:59  Probe (Chrono Boost)  
  30  3:10  Probe (Chrono Boost)  
  32  3:12  Probe (Chrono Boost)  
  32  3:17  Probe  
  33  3:23  Probe  
  33  3:25  Zealot x2  
  38  3:29  Probe  
  37  3:54  Zealot  
  37  3:55  Zealot x3  
  43  4:13  Zealot  
  40  4:21  Probe (Chrono Boost)  
  40  4:22  Zealot x3  
  45  4:27  Probe (Chrono Boost)  
  41  4:31  Probe (Chrono Boost)  
  41  4:34  Probe (Chrono Boost)  
  39  4:39  Zealot  
  37  4:49  Zealot x2  
  39  4:57  Zealot  
  37  5:06  Zealot  
  35  5:16  Zealot x2  
  33  5:24  Zealot  
  35  5:33  Zealot  
  37  5:43  Zealot x2  
  28  6:07  Zealot x2  
  28  6:10  Zealot x2  
Tags
 
League
Gold
Matchup
PvP
Spawn Locations
Cross Positions
Add a new tag
Caveats
  • Supply blocks, unpowered buildings, or Contaminate may cause inaccurate times.
  • Supply counts are checked every 10 seconds.